 Dungeon Crawl Stone Soup version 0.30-a0-912-ge10d75a369 (webtiles) character file.

Game seed: 6906733947710296925

126 Grim the Changer (level 5, -1/37 HPs)
             Began as a Merfolk Transmuter on Mar 19, 2023.
             Slain by a gnoll
             ... wielding a +0 spear
              (6 damage)
             ... on level 3 of the Dungeon.
             The game lasted 00:03:40 (3192 turns).

Grim the Changer (Merfolk Transmuter)               Turns: 3192, Time: 00:03:41

Health: -1/37      AC:  3    Str: 13    XL:     5   Next: 10%
Magic:  5/8        EV: 12    Int: 24    God:
Gold:   123        SH:  0    Dex: 14    Spells: 5/8 levels left

rFire   . . .      SeeInvis .      - Unarmed
rCold   . . .      Faith    .    (no shield)
rNeg    . . .      Spirit   .    a - +0 robe
rPois   .          Reflect  .    (helmet currently unavailable)
rElec   .          Rampage  .    (no cloak)
rCorr   .                        h - +0 pair of gloves
Will    .....                    (boots currently unavailable)
Stlth   +                        (no amulet)
HPRegen 0.26/turn                g - +6 ring of intelligence
MPRegen 0.11/turn                o - +6 ring of intelligence

@: appendages, wereblooded
A: horns 2, (nimble swimmer 2), mertail
a: End Transformation


You were on level 3 of the Dungeon.
You had temporarily grown beastly horns.
You visited 1 branch of the dungeon, and saw 3 of its levels.

You collected 123 gold pieces.

Inventory:

Armour
 a - a +0 robe (worn)
 h - a +0 pair of gloves (worn)
Jewellery
 g - a +6 ring of intelligence (left hand)
 o - a +6 ring of intelligence (right hand)
Scrolls
 e - a scroll of butterflies {unknown}
 f - a scroll of immolation {unknown}
 i - a scroll of brand weapon {unknown}
 j - a scroll of noise {unknown}
 k - 2 scrolls of fog {unknown}
 l - 5 scrolls of identify {unknown}
 p - a scroll of poison {unknown}
 q - a scroll of acquirement {unknown}
 r - a scroll of teleportation {unknown}
Potions
 b - a potion of flight {unknown}
 c - a potion of magic {unknown}
 d - a potion of might {unknown}
 m - a potion of mutation {unknown}
 n - a potion of brilliance {unknown}


   Skills:
 - Level 1.1 Fighting
 - Level 2.6 Dodging
 + Level 4.9 Unarmed Combat
 - Level 2.0 Spellcasting
 + Level 5.1 Transmutations


You had 5 spell levels left.
You knew the following spells:

 Your Spells              Type           Power      Damage    Failure   Level
a - Beastly Appendage     Tmut           54%        N/A       1%          1
b - Wereblood             Tmut           27%        N/A       2%          2

Your spell library contained the following spells:

 Spells                   Type           Power      Damage    Failure   Level
 Spider Form              Tmut/Pois      14%        N/A       13%         3
 Ignite Poison            Fire/Tmut/Pois 10%        N/A       19%         3
 Kindle Blastsparks       Fire/Tloc/Air  4%         2d10      34%         3
 Ice Form                 Ice/Tmut       14%        N/A       38%         4
 Sticky Flame             Conj/Fire      2%         2d3       75%         4
 Freezing Cloud           Conj/Ice/Air   1%         6-21      97%         5
 Ignition                 Fire           1%         3d3       100%        8


Dungeon Overview and Level Annotations

Branches:
Dungeon (3/15)

Altars:


Innate Abilities, Weirdness & Mutations

You have temporarily grown beastly horns.
((You are very nimble when in or above water. (Stealth+, EV+, Speed+++)))
Your lower body shifts to a powerful aquatic tail in water.


Message History

The gnoll shouts!
The gnoll hits you with a +0 whip.
Casting: Beastly Appendage (safe; 1% risk of failure)
Confirm with . or Enter, or press ? or * to list all spells.
You grow a pair of large bovine horns.
The gnoll hits you but does no damage.
A gnoll comes into view. It is wielding a +0 flail.
Casting: Beastly Appendage (safe; 1% risk of failure)
Confirm with . or Enter, or press ? or * to list all spells.
Your blood is infused with primal strength.
The gnoll hits you but does no damage.
A gnoll comes into view. It is wielding a +0 halberd.
The gnoll closely misses you.
You closely miss the gnoll. The gnoll barely misses you.
The gnoll hits you with a +0 whip.
You hit the gnoll.
The gnoll is moderately wounded.
The gnoll hits you from afar with a +0 spear!
* * * LOW HITPOINT WARNING * * *
The gnoll hits you with a +0 whip.
* * * LOW HITPOINT WARNING * * *
You hit the gnoll.
The gnoll is heavily wounded.
The gnoll hits you from afar with a +0 spear!
* * * LOW HITPOINT WARNING * * *
The gnoll barely misses you.
You hit the gnoll. Your punch misses the gnoll.
The gnoll is severely wounded.
You closely miss the gnoll.
The gnoll is severely wounded.
The gnoll hits you from afar with a +0 spear.
* * * LOW HITPOINT WARNING * * *
The gnoll barely misses you.
You hit the gnoll.
The gnoll is severely wounded.
The gnoll misses you. The gnoll closely misses you.
Unknown command.
You punch the gnoll!
You feel a bit better.
You kill the gnoll!
The gnoll hits you from afar with a +0 spear.
You die...

.###.........)#
#<..#
..##..........#
#####
#..#..........###
##.#............#
#............#.#
###..........#.#
##.######.##.#
#.#### #.##.###g#
#[...# #.##.@.gg#
#....###.#..)####
#........#...#
#####....##..#...#
..........# .....#
..........# .....#
......)...####...#
.>.......^# #....
..........#


You could see 3 gnolls.

Vanquished Creatures
  2 gnolls
  3 adders
  2 worms
  2 dart slugs
  8 orcs (D:3)
  3 ball pythons
  4 bats
  6 endoplasms
  2 giant cockroaches (D:2)
  9 goblins
  7 hobgoblins
  3 quokkas
  13 frilled lizards
  7 kobolds
  A rat (D:2)
72 creatures vanquished.

Vanquished Creatures (others)
  5 plants (D:2)
5 creatures vanquished.

Grand Total: 77 creatures vanquished

Notes
Turn   | Place    | Note
-------+----------+-------------------------------------------
     0 | D:1      | Grim the Merfolk Transmuter began the quest for the Orb.
     0 | D:1      | Reached XP level 1. HP: 15/15 MP: 3/3
    49 | D:1      | Reached skill level 3 in Transmutations
    58 | D:1      | Reached XP level 2. HP: 18/21 MP: 3/5
   274 | D:1      | HP: 1/21 [hobgoblin (3)]
   699 | D:1      | Reached XP level 3. HP: 15/26 MP: 3/6
  1380 | D:2      | Reached skill level 4 in Transmutations
  1391 | D:2      | Learned a level 2 spell: Wereblood
  1583 | D:2      | Reached XP level 4. HP: 32/32 MP: 5/7
  2731 | D:3      | Reached skill level 5 in Transmutations
  3002 | D:3      | Reached XP level 5. HP: 37/37 MP: 6/8
  3192 | D:3      | Slain by a gnoll

Illustrated notes

Levels and vault maps discovered:
D:1:      dpeg_arrival_rooms_b, layout_rooms
D:2:      layout_basic, minmay_lizard_king
D:3:      layout_basic, minmay_misc_feat_rugged

Skill      XL: |  1  2  3  4 |
---------------+-------------+-----
Transmutations | 3 4 5 |  5.1
Unarmed Combat | 4 |  4.9
Fighting       | |  1.1
Dodging        | |  2.6
Spellcasting   | |  2.0

Action                     |  1- 3 |  4- 6 || total
---------------------------+-------+-------++-------
  Melee: Unarmed           |    80 |    95 ||   175
         Headbutt          |    12 |    13 ||    25
         Punch             |     2 |     3 ||     5
   Cast: Beastly Appendage |    14 |    17 ||    31
         Wereblood         |       |     4 ||     4
    Use: Potion            |     1 |       ||     1
 Armour: Robe              |    20 |    15 ||    35
         Skin              |     3 |       ||     3
  Dodge: Dodged            |    44 |    59 ||   103

Table legend: (Time is in decaauts)
 A = Elapsed time spent in this place.
 B = Non-inter-level travel time spent in this place.
 C = Inter-level travel time spent in this place.
 D = Time resting spent in this place.
 E = Time spent auto-exploring this place.
 F = Levels seen in this place.
 G = Mean time per level.
                   A        B        C        D        E       F      G
               +--------+--------+--------+--------+--------+-----+--------+
         Total |   3175 |   3156 |     19 |   1199 |   1542 |   3 | 1058.3 |
       Dungeon |   3175 |   3156 |     19 |   1199 |   1542 |   3 | 1058.3 |
               +--------+--------+--------+--------+--------+-----+--------+

Top non-repeatable levels by time:
     D:1: 1356 daAuts
     D:2: 1144 daAuts
     D:3: 674 daAuts
